 Dungeon Crawl Stone Soup version 0.20-a0-2-g2b0e13a (webtiles) character file.

39 wazuzu the Sneak (level 3, -3/16 HPs)
             Began as a Spriggan Enchanter on Oct 29, 2016.
             Slain by a kobold
             ... wielding a +2 whip of distortion
              (16 damage)
             ... on level 2 of the Dungeon.
             The game lasted 00:04:21 (1361 turns).

wazuzu the Sneak (Spriggan Enchanter)               Turns: 1361, Time: 00:04:22

Health: -3/16      AC:  4    Str:  5    XL:     3   Next: 28%
Magic:  8/8        EV: 18    Int: 16    God:
Gold:   96         SH:  0    Dex: 16    Spells: 3 memorised, 1 level left

rFire  . . .     SeeInvis +     a - +1 dagger
rCold  . . .     Gourm    .     b - +2 robe
rNeg   . . .     Faith    .     (shield restricted)
rPois  .         Spirit   .     (helmet restricted)
rElec  .         Reflect  .     (no cloak)
rCorr  .         Harm     .     (gloves unavailable)
MR     .....                    (boots unavailable)
Stlth  +++.......               (no amulet)
                                (no ring)
                                (no ring)

@: very quick
A: unfitting armour, see invisible, herbivore 3, speed 3, slow metabolism 2
a: no special abilities


You were on level 2 of the Dungeon.
You were not hungry.

You visited 1 branch of the dungeon, and saw 2 of its levels.

You collected 96 gold pieces.

Inventory:

Hand Weapons
 a - a +1 dagger (weapon)
Armour
 b - a +2 robe (worn)
Scrolls
 e - 2 scrolls of identify
 g - a scroll of fear
 h - a scroll of enchant weapon {unknown}
Potions
 i - a potion of brilliance
 j - a potion of haste {unknown}
Books
 c - a book of Maledictions

   Spells                             Type                      Level
   a - Corona                         Hexes                        1
   b - Ensorcelled Hibernation        Hexes/Ice                    2
   c - Confuse                        Hexes                        3
   d - Tukima's Dance                 Hexes                        3
   e - Dazzling Spray                 Conjuration/Hexes            3
Comestibles
 d - a bread ration
 f - a slice of pizza


   Skills:
 - Level 2.6 Short Blades
 - Level 3.0 Dodging
 - Level 5.2 Stealth
 - Level 2.6 Spellcasting
 + Level 3.7 Hexes
 * Level 0.4 Ice Magic


You had one spell level left.
You knew the following spells:

 Your Spells              Type           Power        Failure   Level  Hunger
a - Corona                Hex            ##.....      6%          1    #......
b - Ensorcelled Hibernat  Hex/Ice        #.....       14%         2    ##.....
c - Confuse               Hex            ##......     14%         3    ###....


Dungeon Overview and Level Annotations

Branches:
Dungeon (2/15)

Altars:


Innate Abilities, Weirdness & Mutations

You are very small and have problems with some larger weapons.
You are too small for most types of armour.
You have supernaturally acute eyesight. (SInv)
You are a herbivore.
You cover ground extremely quickly.
You need consume almost no food.


Message History

The helpless rat fails to defend itself.
You impale the rat!!
You kill the rat!
No target in view!
You now have 96 gold pieces (gained 6).
A bat and a kobold come into view.
The kobold is wielding a whip of distortion.
Found a hunting sling.
Found a stone staircase leading down.
Found 27 arrows.
Found a smoky coppery potion.
The kobold shouts!
You hear a shout!
The kobold throws a stone.
The stone barely misses you.
Found a scroll of remove curse.
The kobold completely misses you. The bat hits you.
A hobgoblin comes into view. It is wielding a club.
You barely miss the kobold. The bat misses you.
The kobold hits you with a whip of distortion.
Space warps horribly around you!
Ouch! That really hurt!
You die...

*,#..#**,,,,,,,,,,,,,,*
*,*#.#***.............*
*,#*..#*#...g?.......,*
#.#**...#...........#**
...,,,,...........!.#
..,,**###.(.........#
#**,,,,.............# #
****###......b>K..# ##
*#..........@...#
.####..##.........).#
....................#
.....#*##..........##
..#*** #..........#
#.## #.#(#####..# #..#
#,#.....#..# ##.#
#####....##..#
##.####...#.##..#..#


You could see a hobgoblin, a bat and a kobold.

Vanquished Creatures
  2 adders (D:2)
  A dart slug (D:1)
  2 leopard geckos
  2 bats
  3 goblins
  2 hobgoblins
  2 frilled lizards
  A kobold (D:1)
  4 rats
19 creatures vanquished.

Notes
Turn   | Place    | Note
-------+----------+-------------------------------------------
     0 | D:1      | wazuzu the Spriggan Enchanter began the quest for the Orb.
     0 | D:1      | Reached XP level 1. HP: 9/9 MP: 5/5
   148 | D:1      | Reached XP level 2. HP: 12/13 MP: 6/6
  1101 | D:2      | Reached skill level 5 in Stealth
  1119 | D:2      | Reached XP level 3. HP: 15/16 MP: 8/8
  1171 | D:2      | Learned a level 2 spell: Ensorcelled Hibernation
  1175 | D:2      | Learned a level 3 spell: Confuse
  1361 | D:2      | Slain by a kobold

Vault maps used:
D:1:      tarquinn_simple_flora_water_e
D:2:      minmay_misc_feat_rugged

Skill      XL: |  1  2 |
---------------+-------+-----
Short Blades   | 2 |  2.6
Stealth        | 5 |  5.2
Dodging        | |  3.0
Spellcasting   | |  2.6
Hexes          | |  3.7
Ice Magic      | |  0.4

Action                   || total
-------------------------++-------
Melee: Dagger            ||    65
  Use: Scroll            ||     6
       Potion            ||     1
 Stab: Sleeping          ||     6
       Distracted        ||     1
Armor: Robe              ||     7
Dodge: Dodged            ||    40
